 Dungeon Crawl Stone Soup version 0.30-a0-297-g0ec75d9ef4 (webtiles) character file.

Game seed: 8397954305206635668

700 chippings the Ducker (level 7, -6/50 HPs)
             Began as a Merfolk Gladiator on Oct 18, 2022.
             Was a Follower of Dithmenos.
             Killed from afar by Dowan (15 damage)
             ... with a shard of ice
             ... on level 4 of the Dungeon.
             The game lasted 00:10:18 (3160 turns).

chippings the Ducker (Merfolk Gladiator)            Turns: 3160, Time: 00:10:19

Health: -6/50      AC:  5    Str: 13    XL:     7   Next: 65%
Magic:  7/7        EV: 15    Int: 12    God:    Dithmenos [*.....]
Gold:   56         SH:  0    Dex: 16    Spells: 5/6 levels left

rFire   . . .      SeeInvis +    x - +4 dagger (speed)
rCold   . . .      Faith    .    (no shield)
rNeg    . . .      Spirit   .    b - +0 leather armour
rPois   .          Reflect  .    c - +0 helmet
rElec   .          Harm     .    A - +0 cloak
rCorr   +          Rampage  .    (no gloves)
Will    .....                    (no boots)
Stlth   ++........               (no amulet)
HPRegen 0.28/turn                y - ring of see invisible
MPRegen 0.10/turn                s - ring of resist corrosion

@: about to teleport, wreathed by umbra
A: (nimble swimmer 2), mertail, clever 1, screaming 1
a: Renounce Religion


You were on level 4 of the Dungeon.
You worshipped Dithmenos.
Dithmenos was aware of your devotion.
You visited 1 branch of the dungeon, and saw 4 of its levels.

You collected 232 gold pieces.
You spent 176 gold pieces at shops.

Inventory:

Hand Weapons
 a - a +0 long sword of electrocution
 x - a +4 dagger of speed (weapon)
Missiles
 e - a javelin (quivered)
 v - 3 poisoned darts
Armour
 b - a +0 leather armour (worn)
 c - a +0 helmet (worn)
 A - a +0 cloak (worn)
Jewellery
 g - a +6 ring of strength
 s - a ring of resist corrosion (right hand)
 y - a ring of see invisible (left hand)
Wands
 f - a wand of polymorph (7)
Scrolls
 k - a scroll of enchant weapon
 n - a scroll of fog {unknown}
 w - a scroll of magic mapping {unknown}
 B - 2 scrolls of acquirement {unknown}
Potions
 h - 4 potions of curing
 i - a potion of flight {unknown}
 j - 2 potions of lignification {unknown}
 m - a potion of mutation
 o - 5 potions of heal wounds
 p - a potion of degeneration {unknown}
 q - a potion of resistance {unknown}
 r - a potion of brilliance
 u - a potion of cancellation {unknown}
 z - 2 potions of attraction


   Skills:
 - Level 2.1 Fighting
 + Level 3.0(4.5) Short Blades
 - Level 5.2(5.6) Long Blades
 + Level 2.6 Throwing
 + Level 7.1 Dodging
 + Level 3.3 Stealth
 - Level 4.0 Ice Magic


You had 5 spell levels left.
You knew the following spells:

 Your Spells              Type           Power      Damage    Failure   Level
a - Freeze                Ice            36%        1d5       9%          1

Your spell library contained the following spells:

 Spells                   Type           Power      Damage    Failure   Level
 Apportation              Tloc           0%         N/A       38%         1
 Necrotise                Necr           0%         1d4       38%         1
 Summon Small Mammal      Summ           0%         N/A       38%         1
 Cigotuvi's Dreadful Rot  Necr/Pois/Air  0%         N/A       54%         2
 Poisonous Vapours        Pois/Air       0%         N/A       54%         2
 Ignite Poison            Fire/Tmut/Pois 0%         N/A       77%         3
 Mephitic Cloud           Conj/Pois/Air  0%         N/A       77%         3
 Starburst                Conj/Fire      0%         6d3       100%        6
 Fire Storm               Conj/Fire      0%         5d1       100%        9


Dungeon Overview and Level Annotations

Branches:
Dungeon (4/15)
 Temple: D:4-7

Altars:
Dithmenos
Qazlal
Zin

Shops:
D:3 (   D:4 !

Annotations:
D:4 3 runed translucent doors, Bediveer's ghost, amateur BaHu; Dowan


Innate Abilities, Weirdness & Mutations

((You are very nimble when in or above water. (Stealth+, EV+, Speed+++)))
Your lower body shifts to a powerful aquatic tail in water.
Your mind is acute. (Int +4, Str/Dex -1)
You occasionally shout uncontrollably at your foes.


Message History

Duvessa is heavily wounded.
Duvessa struggles against the net.
Dowan hits you with a +0 dagger.
You hit Duvessa but do no damage.
Duvessa is heavily wounded.
Duvessa struggles against the net.
You hit Duvessa.
Duvessa is heavily wounded.
Dowan casts a spell.
Dowan blinks!
You hit Duvessa.
Duvessa is severely wounded.
You hit Duvessa but do no damage.
Duvessa is severely wounded.
Duvessa says, "Where magic fails, the sword succeeds!"
Duvessa struggles against the net.
You catch the helpless Duvessa completely off-guard!
You impale Duvessa!!
You kill Duvessa!
Dithmenos accepts your kill.
Dowan screams, "No!
No!"
Dowan seems to find hidden reserves of power!
Your base Short Blades skill increases to level 3!
Your Dodging skill increases to level 7!
Your Stealth skill increases to level 3!
Throw: throwing net
Press: ? - help, Q - select action, (/) - cycle Shift-Dir - straight line, f - Dowan
Aim: Dowan, wielding a +0 dagger and wearing a +0 robe (fast, 51% to hit)
You throw a throwing net. The throwing net closely misses Dowan.
Dowan points at you and mumbles some strange words.
The stone arrow hits you!
* * * LOW HITPOINT WARNING * * *
Dowan mumbles some strange words.
Dowan blinks!
Things that are here:
a +2 short sword of protection; a +2 leather armour of fire resistance; a murky pink potion
As you read the scroll of teleportation, it crumbles to dust.
You feel strangely unstable.
Dowan points at you and mumbles some strange words.
The shard of ice hits you!
You die...

#....##.....# .... #....###..###
..... #....##...# .....
##....#..### #...###........# ...
##..........##.# ..
##.....#.....#..# ..
##...##.........## .....
#(...@.).#.....####### ....##
...........)............ #.....##
###......#.#.###........ #..##..#
##.......#(..###........
#..###.###........##.e##......[..
#................................
#...........##...#..........~~...
)...........###..#.............≈§
#.......>...# #.............~§§§.


You could see Dowan (fast).

Vanquished Creatures
  Duvessa (D:4)
  An ogre (D:4)
  A necrophage (D:4)
  A vampire bat (D:3)
  A hound (D:4)
  A gnoll bouda (D:4)
  Terence (D:2)
  Natasha (thrice) (D:4)
  5 gnolls (D:4)
  3 adders
  A worm (D:2)
  2 dart slugs (D:1)
  3 fire bats (D:3)
  4 orcs (D:4)
  2 spectral bats (D:3)
  13 bats
  3 bat skeletons (D:3)
  A bat zombie (D:3)
  9 endoplasms
  A giant cockroach (D:4)
  10 goblins
  8 hobgoblins
  5 jackals (D:2)
  8 kobolds
  2 quokkas
  10 ball pythons
  A bat simulacrum (D:3)
  8 frilled lizards
  4 rats
113 creatures vanquished.

Vanquished Creatures (others)
  3 fungi (D:4)
  A plant (D:4)
4 creatures vanquished.

Grand Total: 117 creatures vanquished

Notes
Turn   | Place    | Note
-------+----------+-------------------------------------------
     0 | D:1      | chippings the Merfolk Gladiator began the quest for the
                  | Orb.
     0 | D:1      | Reached XP level 1. HP: 16/16 MP: 1/1
    51 | D:1      | Got the Meditations on the Incendiary Snowflakes
   181 | D:1      | Reached XP level 2. HP: 13/22 MP: 2/2
   423 | D:1      | Reached XP level 3. HP: 27/27 MP: 3/3
   706 | D:1      | Found a faded altar of an unknown god.
   770 | D:2      | Noticed Terence
   776 | D:2      | Gained mutation: You occasionally shout uncontrollably at
                  | your foes. [potion of mutation]
   776 | D:2      | Gained mutation: Your mind is acute. (Int +4, Str/Dex -1)
                  | [potion of mutation]
   783 | D:2      | Killed Terence
   784 | D:2      | Reached skill level 5 in Dodging
   784 | D:2      | Reached XP level 4. HP: 25/33 MP: 4/4
   995 | D:2      | Reached skill level 5 in Long Blades
  1027 | D:2      | Learned a level 1 spell: Freeze
  1768 | D:3      | Found a glowing silver altar of Zin.
  1774 | D:3      | Reached skill level 1 in Ice Magic
  1774 | D:3      | Reached XP level 5. HP: 38/38 MP: 5/5
  1932 | D:3      | Reached skill level 1 in Short Blades
  1932 | D:3      | Reached skill level 6 in Dodging
  1991 | D:3      | Reached XP level 6. HP: 17/44 MP: 6/6
  2233 | D:3      | Found Haaciu's Antique Weapon Shoppe.
  2495 | D:4      | Found a shadowy altar of Dithmenos.
  2501 | D:4      | Became a worshipper of Dithmenos the Shadowed
  2524 | D:4      | Found a runed translucent gate.
  2525 | D:4      | Found a runed translucent gate.
  2530 | D:4      | Noticed Bediveer's ghost (amateur BaHu)
  2531 | D:4      | Found a runed translucent gate.
  2590 | D:4      | Reached skill level 1 in Stealth
  2621 | D:4      | Noticed Natasha
  2630 | D:4      | Killed Natasha
  2854 | D:4      | Reached XP level 7. HP: 39/50 MP: 7/7
  2953 | D:4      | Noticed Natasha
  2967 | D:4      | Killed Natasha
  2979 | D:4      | Noticed Natasha
  2990 | D:4      | Killed Natasha
  3020 | D:4      | Noticed Dowan
  3035 | D:4      | Noticed Duvessa
  3044 | D:4      | Reached * piety under Dithmenos
  3076 | D:4      | Found Isixtaj's Distillery.
  3079 | D:4      | Bought a potion of attraction for 33 gold pieces
  3079 | D:4      | Bought a potion of curing for 33 gold pieces
  3079 | D:4      | Bought a potion of heal wounds for 55 gold pieces
  3079 | D:4      | Bought a potion of heal wounds for 55 gold pieces
  3094 | D:4      | Found a stormy altar of Qazlal.
  3155 | D:4      | Killed Duvessa
  3156 | D:4      | Reached skill level 7 in Dodging
  3160 | D:4      | Killed from afar by Dowan

Illustrated notes

Levels and vault maps discovered:
D:1:      saegor_arrival_simple_b, layout_loops_ring,
          dreamdust_ecumenical_altar_hidden_monk_grotto
D:2:      layout_rooms, minmay_randomly_rotated_circles,
          uniq_crazy_yiuf_cottage, uniq_terence
D:3:      layout_basic, lemuel_tele_altar, serial_shops, nicolae_shop_stone,
          serial_park_tiny_1, goddamned_bats
D:4:      layout_rooms, nicolae_dithmenos_the_darkroom,
          nicolae_qazlal_scattered_showers, serial_shops, kennysheep_mini,
          serial_glass, glass_columns_b, glass_columns_a,
          gammafunk_ghost_nasty_kobolds, uniq_robin, uniq_duvessa, uniq_natasha

Skill      XL: |  1  2  3  4  5  6  7 |
---------------+----------------------+-----
Long Blades    | 4 5 |  5.2
Dodging        | 5 6 7 |  7.1
Ice Magic      | 1 3 4 |  4.0
Short Blades   | 2 3 |  3.0
Stealth        | 2 3 |  3.3
Fighting       | |  2.1
Throwing       | |  2.6

Action                   |  1- 3 |  4- 6 |  7- 9 || total
-------------------------+-------+-------+-------++-------
Melee: Long sword        |    79 |    95 |       ||   174
       Punch             |     2 |     6 |     2 ||    10
       Dagger            |       |   217 |    77 ||   294
Throw: Throwing net      |       |       |     4 ||     4
 Cast: Freeze            |       |     2 |       ||     2
  Use: Potion            |     5 |       |       ||     5
       Scroll            |       |     3 |     1 ||     4
 Stab: Sleeping          |     3 |       |     1 ||     4
       Held in net/web   |       |       |     2 ||     2
Armor: Leather armour    |    27 |    76 |     5 ||   108
Dodge: Dodged            |    48 |   263 |    21 ||   332

Table legend: (Time is in decaauts)
 A = Elapsed time spent in this place.
 B = Non-inter-level travel time spent in this place.
 C = Inter-level travel time spent in this place.
 D = Time resting spent in this place.
 E = Time spent auto-exploring this place.
 F = Levels seen in this place.
 G = Mean time per level.
                   A        B        C        D        E       F      G
               +--------+--------+--------+--------+--------+-----+--------+
         Total |   3043 |   2950 |     93 |      5 |   1822 |   4 |  760.8 |
       Dungeon |   3043 |   2950 |     93 |      5 |   1822 |   4 |  760.8 |
               +--------+--------+--------+--------+--------+-----+--------+

Top non-repeatable levels by time:
     D:3: 1029 daAuts
     D:1: 763 daAuts
     D:2: 657 daAuts
     D:4: 593 daAuts
